 Dungeon Crawl Stone Soup version 0.29-a0-40-g8eb35efe60 (webtiles) character file.

Game seed: 7971341446013021976

79 kae the Ruffian (level 4, -8/36 HPs)
             Began as a Draconian Transmuter on Feb 1, 2022.
             Killed from afar by a white imp (10 damage)
             ... with a puff of frost
             ... summoned by Natasha
             ... on level 2 of the Dungeon.
             The game lasted 00:00:57 (2158 turns).

kae the Ruffian (Draconian Transmuter)              Turns: 2158, Time: 00:00:57

Health: -8/36      AC:  2    Str: 12    XL:     4   Next: 17%
Magic:  1/7        EV: 19    Int: 16    God:
Gold:   55         SH:  0    Dex: 16    Spells: 3/7 levels left

rFire   . . .      SeeInvis .     - Unarmed
rCold   . . .      Faith    .   (shield currently unavailable)
rNeg    . . .      Spirit   .   (armour unavailable)
rPois   x          Reflect  .   (helmet currently unavailable)
rElec   .          Harm     .   (cloak currently unavailable)
rCorr   .          Rampage  .   (gloves currently unavailable)
Will    .....                   (boots currently unavailable)
Stlth   +.........              (no amulet)
HPRegen 0.12/turn               (no ring)
MPRegen 0.10/turn               (no ring)

@: spider-form (expiring), slowed, very slow
A: venomous fangs, AC +5, tiny, unfitting armour, (cold-blooded)
a: End Transformation


You were on level 2 of the Dungeon.
You were a venomous arachnid creature.
You visited 1 branch of the dungeon, and saw 2 of its levels.

You collected 55 gold pieces.

Inventory:

Jewellery
 a - a +4 ring of evasion
Wands
 e - a wand of polymorph (3)
Scrolls
 c - a scroll of vulnerability
Potions
 b - a potion of magic
 d - a potion of might {unknown}
 f - a potion of degeneration {unknown}


   Skills:
 + Level 1.7 Fighting
 + Level 2.2 Dodging
 * Level 3.6 Unarmed Combat
 + Level 2.3 Spellcasting
 * Level 2.9 Transmutations
 * Level 0.7 Poison Magic


You had 3 spell levels left.
You knew the following spells:

 Your Spells              Type           Power      Damage    Failure   Level
a - Beastly Appendage     Tmut           22%        N/A       17%         1
b - Spider Form           Tmut/Pois      7%         N/A       50%         3

Your spell library contained the following spells:

 Spells                   Type           Power      Damage    Failure   Level
 Wereblood                Tmut           11%        N/A       22%         2
 Animate Skeleton         Necr           2%         N/A       41%         1
 Pain                     Necr           4%         1d4       41%         1
 Vampiric Draining        Necr           1%         2d6       73%         3
 Ice Form                 Ice/Tmut       6%         N/A       88%         4


Dungeon Overview and Level Annotations

Branches:
Dungeon (2/15)

Altars:

Annotations:
D:2 Natasha


Innate Abilities, Weirdness & Mutations

You are a venomous arachnid creature.
You have poisonous fangs.
You are tiny and dextrous.
Your spellcasting is less reliable in this form.
Your armour is entirely melded.
You are incapable of wielding weapons or throwing items.
((Your plain brown scales are hard. (AC +5)))
You cannot fit into any form of body armour.
((You are cold-blooded and may be slowed by cold attacks.))


Message History

The spell is quite dangerous to miscast (28% risk of failure)!
Continue anyway?
You turn into a venomous arachnid creature.
Natasha misses you. The shadow imp gestures at you.
Pain shoots through your body! The white imp barely misses you.
You barely miss Natasha.
Natasha is moderately wounded.
Your transformation is almost over.
Natasha howls an incantation.
You feel disoriented. Natasha misses you.
The shadow imp hits you but does no damage.
The white imp gestures at you. The puff of frost misses you.
Natasha barely misses you. The shadow imp completely misses you.
The white imp gestures at you. The puff of frost hits you.
You closely miss Natasha.
Natasha is moderately wounded.
Natasha misses you. The shadow imp misses you.
The white imp closely misses you.
Your magical contamination has completely faded away.
You hit Natasha.
Natasha is poisoned.
Natasha is heavily wounded.
Natasha casts a spell.
The shadow imp lashes its tail.
The shadow imp closely misses you. The white imp gestures at you.
The puff of frost hits you!
* * * LOW HITPOINT WARNING * * *
Natasha closely misses you. The shadow imp completely misses you.
You hit Natasha but do no damage.
Natasha looks as sick as possible!
Natasha is severely wounded.
The white imp gestures at you. The puff of frost misses you.
The puff of frost hits the white imp.
The white imp completely resists.
Natasha completely misses you. The shadow imp misses you.
The white imp gestures at you. The puff of frost hits you!
You die...

#.....# ##### #.....#
#.... #.....# #....
###### ####.##
#....####....## #..##
#....?........#####....
#.....5.......)..##..##
#.............##.###.#⌠
#....hs5......##.# #.##
#.....5.......##.# #...
#._............##.#
#...
...............##.#
#...
####...........##.#
#.## #...........##.#
#.# ##############.#
#.# #.# #.# #.# #.#


You could see Natasha (extremely poisoned), 2 white imps and a shadow imp
(summoned).

Vanquished Creatures
  Terence (D:2)
  An adder (D:2)
  4 dart slugs
  6 endoplasms (D:1)
  6 goblins
  2 hobgoblins (D:1)
  3 quokkas
  2 ball pythons
  4 bats
  A frilled lizard (D:1)
  3 kobolds
  A rat (D:2)
34 creatures vanquished.

Vanquished Creatures (others)
  A plant (D:1)
1 creature vanquished.

Grand Total: 35 creatures vanquished

Notes
Turn   | Place    | Note
-------+----------+-------------------------------------------
     0 | D:1      | kae the Draconian Transmuter began the quest for the Orb.
     0 | D:1      | Reached XP level 1. HP: 16/16 MP: 3/3
   167 | D:1      | Reached XP level 2. HP: 23/23 MP: 3/5
   744 | D:1      | Reached XP level 3. HP: 28/28 MP: 4/6
   748 | D:1      | Learned a level 3 spell: Spider Form
  1897 | D:2      | Noticed Terence
  1909 | D:2      | Killed Terence
  1910 | D:2      | Reached XP level 4. HP: 8/36 MP: 3/7
  2146 | D:2      | Noticed Natasha
  2148 | D:2      | Found a faded altar of an unknown god.
  2157 | D:2      | HP: 1/36 [white imp/puff of frost[Natasha] (10)]
  2158 | D:2      | Killed from afar by a white imp

Illustrated notes

Levels and vault maps discovered:
D:1:      denvon_arrival_planthouse, layout_rooms
D:2:      layout_basic, basic_ecumenical_altar, feat_on_display, uniq_terence,
          uniq_natasha

Skill      XL: |  1  2 |
---------------+-------+-----
Dodging        | 2 |  2.2
Fighting       | |  1.7
Unarmed Combat | |  3.6
Spellcasting   | |  2.3
Transmutations | |  2.9
Poison Magic   | |  0.7

Action                   |  1- 3 |  4- 6 || total
-------------------------+-------+-------++-------
Melee: Unarmed           |    94 |     6 ||   100
       Headbutt          |     8 |       ||     8
       Kick              |    15 |       ||    15
       Tailslap          |     9 |       ||     9
       Punch             |     3 |       ||     3
 Cast: Beastly Appendage |    25 |       ||    25
       Spider Form       |       |     1 ||     1
  Use: Scroll            |     3 |       ||     3
 Stab: Sleeping          |     1 |       ||     1
Armor: Skin              |    36 |     3 ||    39
Dodge: Dodged            |    60 |    19 ||    79

Table legend: (Time is in decaauts)
 A = Elapsed time spent in this place.
 B = Non-inter-level travel time spent in this place.
 C = Inter-level travel time spent in this place.
 D = Time resting spent in this place.
 E = Time spent auto-exploring this place.
 F = Levels seen in this place.
 G = Mean time per level.
                   A        B        C        D        E       F      G
               +--------+--------+--------+--------+--------+-----+--------+
         Total |   2159 |   2132 |     27 |      9 |   1833 |   2 | 1079.5 |
       Dungeon |   2159 |   2132 |     27 |      9 |   1833 |   2 | 1079.5 |
               +--------+--------+--------+--------+--------+-----+--------+

Top non-repeatable levels by time:
     D:2: 1240 daAuts
     D:1: 919 daAuts
